 Dungeon Crawl Stone Soup version 0.29.0-4-gdea44cf6ec (webtiles) character file.

Game seed: 13485331620206365563

5 qw the Sneak (level 1, -1/14 HPs)
             Began as a Gargoyle Delver on Sept 10, 2022.
             Shot with an arrow by a centaur (2 damage)
             ... on level 5 of the Dungeon.
             The game lasted 00:00:03 (402 turns).

qw the Sneak (Gargoyle Delver)                       Turns: 402, Time: 00:00:04

Health: -1/14      AC: 14    Str: 15    XL:     1   Next: 80%
Magic:  1/1        EV:  4    Int: 10    God:
Gold:   18         SH:  0    Dex: 11    Spells: 0/0 levels left

rFire   . . .      SeeInvis .   Y - +0 hand axe
rCold   . . .      Faith    .   (no shield)
rNeg    + . .      Spirit   .   j - +0 plate armour
rPois   inf        Reflect  .   (no helmet)
rElec   +          Harm     .   h - +1 cloak {Stlth+}
rCorr   .          Rampage  .   (no gloves)
Will    .....                   (no boots)
Stlth   ..........              (no amulet)
HPRegen 0.04/turn               (no ring)
MPRegen 0.07/turn               (no ring)

@: no status effects
A: sickness immunity, AC +2, negative energy resistance 1, electricity
resistance, torment resistance 1, petrification resistance
a: no special abilities


You were on level 5 of the Dungeon.
You visited 1 branch of the dungeon, and saw 1 of its levels.

You collected 18 gold pieces.


Innate Abilities, Weirdness & Mutations

You are immune to sickness and miasma.
Your stone body is resilient. (AC +2)
You are immune to poison.
You resist negative energy. (rN+)
You are resistant to electric shocks. (rElec)
You are resistant to unholy torment.
You are immune to petrification.


   Skills:
 - Level 3.2 Fighting
 - Level 2.2 Axes
 + Level 0.0 Armour
 - Level 1.5 Dodging
 - Level 5.4 Stealth


You couldn't memorise any spells.
You didn't know any spells.
Your spell library was empty.

Inventory:

Hand Weapons
 Y - a +0 hand axe (weapon)
Armour
 h - a +1 cloak of stealth (worn)
 j - a +0 plate armour (worn)
Wands
 g - a wand of digging (3)
Scrolls
 a - a scroll of identify
Potions
 f - a potion of haste

Dungeon Overview and Level Annotations

Branches:
Dungeon (5/15)
 Temple: D:4-7

Altars:
Hepliaklqana


Message History

There is an open door here.
Found a stone staircase leading up.
Enter note:
Enter note:
Enter note:
Enter note:
376 ||| UPGRADING to +1 cloak of stealth.
You start putting on your armour.
You continue putting on your +1 cloak of stealth. x4
You finish putting on your +1 cloak of stealth.
You feel stealthy.
381 ||| UPGRADING to +0 plate armour.
You start removing your armour.
You continue taking off your +0 leather armour. x4
You finish taking off your +0 leather armour.
You start putting on your armour.
You continue putting on your +0 plate armour. x5
You finish putting on your +0 plate armour.
391 ||| DROPPING +0 leather armour.
You drop a +0 leather armour.
392 ||| READING 2 scrolls labelled XIMEICHOFRUY.
As you read the scroll labelled XIMEICHOFRUY, it crumbles to dust.
It is a scroll of identify.
You don't have any unidentified items.
393 ||| DROPPING scroll of fog.
You drop a scroll of fog.
394 ||| DROPPING scroll of magic mapping.
You drop a scroll of magic mapping.
395 ||| DROPPING scroll of fear.
You drop a scroll of fear.
(D) Dungeon
Where to? (* - list waypoints, ? - help)
What level of the Dungeon? (default 1, ? - help)
A centaur comes into view.
The centaur shouts!
The centaur wields a +0 shortbow.
The centaur shoots an arrow.
The arrow barely misses you.
Enter note: The centaur shoots an arrow.
The arrow hits you!
Ouch! That really hurt!
The centaur shoots an arrow.
The arrow hits you.
The centaur shoots an arrow.
The arrow hits you.
You die...

.##..# ..#.###### .....
_.#......# ....#
..#......## c..#
.##.......# ##..####
.#........# #......###
.#........## #........##
.#.........# #.........##
'#.........# #.@...<...##
...........# #..........#
...........# #..........#
...........## #..........#
............###.........##
............##..........#
.............?.........#..
............###.......## #
##..........# #.##...##


You could see a centaur.

Vanquished Creatures
  An ufetubus (D:5)
1 creature vanquished.

Notes
Turn   | Place    | Note
-------+----------+-------------------------------------------
     0 | D:5      | qw the Gargoyle Delver began the quest for the Orb.
     0 | D:5      | Reached XP level 1. HP: 14/14 MP: 1/1
     0 | D:5      | 0 ||| qw: Version: 0.1-a-117-gfe26ee0
     0 | D:5      | 0 ||| qw: Game counter: 9786
     0 | D:5      | 0 ||| qw: Always use a shield: true
     0 | D:5      | 0 ||| qw: God list: Okawaru
     0 | D:5      | 0 ||| qw: Allow faded altars: false
     0 | D:5      | 0 ||| qw: Do Orc after D:15 true
     0 | D:5      | 0 ||| qw: Do second Lair branch before Depths: true
     0 | D:5      | 0 ||| qw: Lair rune preference: random
     0 | D:5      | 0 ||| qw: Plans: Normal
     0 | D:5      | 0 ||| PLANNING D:1-11
    48 | D:5      | HP: 3/14 [ufetubus (2)]
   323 | D:5      | Found a hazy altar of Hepliaklqana.
   376 | D:5      | 376 ||| UPGRADING to +1 cloak of stealth.
   381 | D:5      | 381 ||| UPGRADING to +0 plate armour.
   391 | D:5      | 391 ||| DROPPING +0 leather armour.
   392 | D:5      | 392 ||| READING 2 scrolls labelled XIMEICHOFRUY.
   393 | D:5      | 393 ||| DROPPING scroll of fog.
   394 | D:5      | 394 ||| DROPPING scroll of magic mapping.
   395 | D:5      | 395 ||| DROPPING scroll of fear.
   400 | D:5      | Noticed a centaur
   402 | D:5      | HP: 1/14 [centaur/arrow (6)]
   402 | D:5      | Shot with an arrow by a centaur

Levels and vault maps discovered:
D:5:      layout_cave_pods, mainiacjoe_overflow_surrounded_room,
          gup_sewer_entry_bubbles, uniq_blork_the_orc

Skill      XL: |  1 |
---------------+----+-----
Axes           | 2 |  2.2
Fighting       | |  3.2
Dodging        | |  1.5
Stealth        | |  5.4

Action                   || total
-------------------------++-------
Melee: Hand axe          ||     5
  Use: Scroll            ||     1
Armor: Leather armour    ||     2
Dodge: Dodged            ||     9

Table legend:
 A = Non-vault XP
 B = Vault XP
 C = Vault XP percentage of total XP
 D = Non-vault monster count
 E = Vault monster count
 F = Vault count percentage of total count
                 A         B        C        D         E       F
            +---------+---------+-------+---------+---------+-------
      Total |       8 |       0 |   0.0 |       1 |       0 |   0.0
            +---------+---------+-------+---------+---------+-------
        D:5 |       8 |       0 |   0.0 |       1 |       0 |   0.0
            +---------+---------+-------+---------+---------+-------
